 Dungeon Crawl Stone Soup version 0.27.1-34-g3ba077fa99 (webtiles) character file.

Game seed: 16284907217589592457

88 cbfl8 the Sneak (level 4, -7/40 HPs)
             Began as a Minotaur Delver on Jan 20, 2022.
             Mangled by a troll (14 damage)
             ... on level 5 of the Dungeon.
             The game lasted 00:00:26 (211 turns).

cbfl8 the Sneak (Minotaur Delver)                    Turns: 211, Time: 00:00:26

Health: -7/40      AC:  3    Str: 16    XL:     4   Next: 30%
Magic:  3/3        EV: 12    Int:  8    God:
Gold:   16         SH:  0    Dex: 12    Spells: 3/3 levels left

rFire    . . .     SeeInvis .   a - +0 hand axe
rCold    . . .     Faith    .   (no shield)
rNeg     . . .     Spirit   .   b - +0 leather armour
rPois    .         Reflect  .   (helmet restricted)
rElec    .         Harm     .   (no cloak)
rCorr    .         Rampage  .   (no gloves)
Will     .....                  (no boots)
Stlth    +++.......             (no amulet)
HPRegen  0.13/turn              (no ring)
MPRegen  0.08/turn              (no ring)

@: no status effects
A: horns 2, retaliatory headbutt
a: no special abilities


You were on level 5 of the Dungeon.
You visited 1 branch of the dungeon, and saw 1 of its levels.

You collected 16 gold pieces.

Inventory:

Hand Weapons
 a - a +0 hand axe (weapon)
Missiles
 h - 19 arrows
Armour
 b - a +0 leather armour (worn)
Wands
 g - a wand of digging (3)
Scrolls
 c - a scroll of fog
 d - a scroll of magic mapping
 e - a scroll of fear
Potions
 f - a potion of haste


   Skills:
 + Level 4.1 Fighting
 + Level 2.7 Axes
 + Level 0.2 Armour
 + Level 2.4 Dodging
 + Level 5.2 Stealth


You had 3 spell levels left.
You didn't know any spells.
Your spell library was empty.

Dungeon Overview and Level Annotations

Branches:
Dungeon (5/15)
 Temple: D:4-7

Altars:


Innate Abilities, Weirdness & Mutations

You have a pair of horns on your head.
You reflexively headbutt those who attack you in melee.


Message History

Increase (S)trength, (I)ntelligence, or (D)exterity?
You feel clever.
You have reached level 4!
You feel agile.
You start resting.
HP restored.
You see here a necrophage corpse.
Found 19 arrows.
An ufetubus comes into view.
You see here 19 arrows.
h - 19 arrows The ufetubus shouts!
The ufetubus hits you but does no damage.
The ufetubus barely misses you.
You closely miss the ufetubus. The ufetubus hits you. x2
The ufetubus closely misses you.
The ufetubus hits you but does no damage.
You barely miss the ufetubus. Your headbutt misses the ufetubus.
The ufetubus closely misses you. You furiously retaliate!
You headbutt the ufetubus, but do no damage.
The ufetubus misses you.
You miss the ufetubus. The ufetubus closely misses you.
You furiously retaliate!
You headbutt the ufetubus!
You kill the ufetubus!
A wyvern zombie comes into view.
Found 16 gold pieces.
Found a short sword.
You now have 16 gold pieces.
You see here a +0 short sword.
You see here a +0 short sword.
An orc comes into view. It is wielding a +0 flail.
Found a lumpy grey potion.
The orc moves out of view.
A troll comes into view.
The troll shouts!
The orc shouts!
You closely miss the troll. You headbutt the troll.
The troll is lightly wounded.
The troll bites you! The troll claws you! x2
* * * LOW HITPOINT WARNING * * *
The troll bites you!
You die...

##...........
...≈≈≈≈≈...≈###
≈≈≈.≈≈≈P≈≈≈≈≈≈≈
.≈≈≈≈≈≈≈≈≈≈.≈≈≈≈≈≈≈≈≈≈≈≈
≈≈≈≈≈≈≈≈≈≈≈≈≈≈≈≈≈≈≈≈≈≈≈≈
≈≈≈≈≈≈≈≈≈≈≈≈≈≈≈≈≈.....##
≈≈≈P≈≈≈..≈...P.......≈..
≈≈≈≈≈≈......o..T@!......
P≈≈P... ..#####.#....##
≈....# #.# #### ..#..#
#.# #.# ....## #.# #.#
###.# #.# #.# #Z# #.#
#.# #.# #.# #.# #.#
#.#######.#


You could see a troll and an orc.

Vanquished Creatures
  A necrophage (D:5)
  An ufetubus (D:5)
2 creatures vanquished.

Vanquished Creatures (others)
  10 plants (D:5)
10 creatures vanquished.

Grand Total: 12 creatures vanquished

Notes
Turn   | Place    | Note
-------+----------+-------------------------------------------
     0 | D:5      | cbfl8 the Minotaur Delver began the quest for the Orb.
     0 | D:5      | Reached XP level 1. HP: 19/19 MP: 0/0
     1 | D:5      | Noticed a necrophage
    10 | D:5      | Killed a necrophage
    11 | D:5      | Reached skill level 5 in Stealth
    11 | D:5      | Reached XP level 2. HP: 15/27 MP: 1/1
    11 | D:5      | Reached XP level 3. HP: 18/33 MP: 2/2
    11 | D:5      | Reached XP level 4. HP: 22/40 MP: 3/3
   209 | D:5      | Noticed a troll
   211 | D:5      | Mangled by a troll

Illustrated notes

Levels and vault maps discovered:
D:5:      layout_loops_ring, lemuel_round_altar, nicolae_take_the_stairs,
          chequers_big_river, minivault_23, feat_on_display

Skill      XL: |  1 |
---------------+----+-----
Fighting       | 4 |  4.1
Stealth        | 5 |  5.2
Axes           | |  2.7
Armour         | |  0.2
Dodging        | |  2.4

Action                   |  1- 3 |  4- 6 || total
-------------------------+-------+-------++-------
Melee: Hand axe          |     6 |     4 ||    10
       Headbutt          |     2 |     1 ||     3
Armor: Leather armour    |     2 |     2 ||     4
Dodge: Dodged            |     1 |     5 ||     6
